AoeStats
← dashuaibi

Lombardia

509051099Analyzed
4v4 RM · 7d ago on Sep 25, 2026· 46m 3s· 8 players
Game mode
Random Map
Map size
Large (8 player)
Population
200
Speed
Normal
Resources
Standard
Victory
Conquest
Starting age
Dark Age
Ending age
Imperial Age
RankedLock teamsTeams togetherTeam positionsShared explorationLock speedFull tech treeHidden civsTurbo modeCheats
Victory
Defeat
🇨🇳 Georgians · China
1568
+10
🇮🇳 Khmer · India
1425
+16
🇹🇼 Persians · Taiwan
1411
+17
🇨🇳 Mongols · China
1384
+18
🇩🇪 Berbers · Germany
1565
-21
🇬🇧 Burmese · United Kingdom
1501
-18
🇺🇸 Hindustanis · United States
1353
-12
🇨🇴 Saxons · Colombia
1303
-10
master
2:53 Loom
9:20 Feudal Age
9:49 Double-Bit Axe
20:20 Castle Age
20:18 Scale Barding Armor
20:23 Forging
20:48 Bloodlines
20:58 Husbandry
22:07 Horse Collar
27:24 Heavy Plow
31:44 Wheelbarrow
31:56 Town Watch
35:39 Imperial Age
34:44 Chain Barding Armor
34:21 Gold Mining
35:22 Stone Mining
35:55 Cavalier
37:17 Savar
38:35 Iron Casting
38:59 Plate Barding Armor
40:20 Blast Furnace
41:05 Hand Cart
40:35 Light Cavalry
41:45 Capped Ram
44:26 Hussar
44:27 Hussar
45:22 Siege Ram
45:57 Fletching
dashuaibi
4:51 Loom
11:23 Feudal Age
15:45 Castle Age
13:35 Double-Bit Axe
14:20 Horse Collar
25:00 Bow Saw
26:29 Wheelbarrow
26:16 Heavy Plow
26:31 Gold Mining
27:20 Stone Mining
28:06 Gold Shaft Mining
28:45 Fletching
28:56 Padded Archer Armor
31:56 Imperial Age
29:42 Scale Barding Armor
30:08 Hand Cart
30:54 Stone Shaft Mining
31:16 Thumb Ring
31:29 Leather Archer Armor
31:10 Bodkin Arrow
31:33 Leather Archer Armor
32:00 Bloodlines
31:50 Husbandry
32:39 Ballistics
32:54 Town Watch
32:54 Elite Mangudai
33:54 Conscription
34:48 Parthian Tactics
35:30 Chemistry
35:14 Bracer
35:53 Chain Barding Armor
37:58 Siege Engineers
38:03 Masonry
38:34 Hoardings
42:31 Fortified Wall
香辣鸡翅
11:48 Feudal Age
15:38 Castle Age
13:29 Double-Bit Axe
13:58 Horse Collar
25:11 Wheelbarrow
25:08 Stone Mining
25:34 Bow Saw
27:32 Hand Cart
27:15 Gold Mining
28:03 Stone Shaft Mining
30:30 Imperial Age
27:46 Loom
30:20 Scale Barding Armor
30:26 Forging
31:39 Conscription
31:59 Bloodlines
31:50 Husbandry
32:33 Chain Barding Armor
32:48 Iron Casting
32:28 Town Watch
32:25 Elite Monaspa
34:27 Plate Barding Armor
33:38 Light Cavalry
35:27 Hussar
37:08 Aznauri Cavalry
37:15 Svan Towers
37:38 Ballistics
38:19 Chemistry
38:21 Blast Furnace
37:11 Fletching
43:25 Bodkin Arrow
arsenalchelsea2
6:19 Loom
8:30 Feudal Age
10:18 Horse Collar
10:50 Double-Bit Axe
17:55 Castle Age
16:11 Gold Mining
17:15 Bloodlines
17:44 Scale Barding Armor
19:00 Bow Saw
23:49 Heavy Plow
24:34 Wheelbarrow
25:31 Stone Mining
31:29 Imperial Age
30:37 Chain Barding Armor
33:05 Double Crossbow
33:26 Conscription
33:09 Town Watch
33:44 Hand Cart
34:26 Husbandry
35:14 Ballistics
35:55 Chemistry
36:07 Elite Ballista Elephant
37:23 Caravan
43:01 Plate Barding Armor
43:13 Siege Engineers
DEMLOUDBOYZ
9:03 Feudal Age
9:44 Double-Bit Axe
10:27 Horse Collar
13:19 Bloodlines
15:08 Scale Barding Armor
15:18 Forging
15:46 Scale Barding Armor
17:00 Wheelbarrow
21:40 Castle Age
19:49 Gold Mining
22:54 Bow Saw
23:25 Gold Shaft Mining
22:12 Light Cavalry
23:04 Husbandry
27:52 Heavy Plow
28:45 Hand Cart
32:04 Imperial Age
32:11 Heavy Camel Rider
33:14 Chain Barding Armor
33:59 Two-Man Saw
33:02 Stone Mining
35:11 Plate Barding Armor
34:00 Imperial Camel Rider
36:07 Chemistry
35:35 Caravan
36:19 Fletching
36:53 Ballistics
37:23 Conscription
37:05 Grand Trunk Road
38:09 Hoardings
38:27 Hoardings
39:38 Iron Casting
41:38 Blast Furnace
40:34 Bodkin Arrow
Ash
11:08 Feudal Age
9:47 Loom
16:18 Castle Age
15:06 Horse Collar
21:21 Wheelbarrow
21:20 Husbandry
21:31 Padded Archer Armor
23:42 Bloodlines
24:40 Hand Cart
26:35 Town Watch
33:56 Imperial Age
34:32 Elite Arambai
36:08 Conscription
38:05 Scale Mail Armor
daumasson
10:59 Feudal Age
15:01 Castle Age
13:16 Double-Bit Axe
13:13 Horse Collar
16:03 Bow Saw
18:04 Loom
21:50 Wheelbarrow
21:53 Stone Mining
24:13 Hand Cart
23:44 Town Watch
24:00 Gold Mining
29:21 Imperial Age
27:54 Scale Barding Armor
27:42 Fletching
27:53 Padded Archer Armor
28:14 Ballistics
28:31 Bodkin Arrow
29:39 Gold Shaft Mining
30:23 Conscription
30:06 Kasbah
30:08 Bracer
31:36 Leather Archer Armor
32:22 Chemistry
31:39 Husbandry
31:50 Bloodlines
31:49 Thumb Ring
33:44 Town Patrol
34:18 Ring Archer Armor
33:44 Elite Camel Archer
34:26 Maghrebi Camels
35:17 Fortified Wall
34:48 Treadmill Crane
35:19 Masonry
37:01 Hoardings
36:33 Scale Barding Armor
36:39 Forging
36:41 Caravan
37:55 Chain Barding Armor
Manueska
8:53 Loom
11:01 Feudal Age
11:54 Double-Bit Axe
15:04 Forging
17:47 Horse Collar
22:49 Castle Age
21:42 Scale Barding Armor
22:30 Wheelbarrow
23:34 Husbandry
23:45 Bloodlines
23:51 Bow Saw
23:05 Light Cavalry
25:29 Iron Casting
25:15 Heavy Plow
29:03 Chain Barding Armor
28:53 Gold Mining
28:57 Stone Mining
31:35 Hand Cart
33:32 Gold Shaft Mining
36:08 Imperial Age
33:44 Fletching
34:35 Bodkin Arrow
35:41 Ballistics
35:23 Padded Archer Armor
35:47 Pikeman
36:28 Squires
36:13 Arson
36:48 Thumb Ring
37:35 Conscription
37:13 Cranequins
38:06 Bracer
39:33 Two-Man Saw
38:45 Town Watch
39:04 Scale Mail Armor
38:34 Heavy Mounted Crossbowman
40:02 Chain Mail Armor
40:07 Town Patrol
41:29 Chemistry
40:12 Halberdier
41:38 Masonry
41:18 Man-at-Arms
42:32 Plate Mail Armor
43:28 Leather Archer Armor
43:25 Shield Wall
Connection lost

Rejoining the realm…

Still unreachable

The connection could not be restored.

Session expired

The server has moved on; the page needs a fresh start.